 Dungeon Crawl Stone Soup version 0.30.0-15-g856e2d3f33 (webtiles) character file.

Game seed: 6956140548460383456

35 cdecastro the Insei (level 3, -2/26 HPs)
             Began as a Merfolk Transmuter on May 19, 2023.
             Slain by a centaur (6 damage)
             ... on level 3 of the Dungeon.
             The game lasted 00:03:05 (1606 turns).

cdecastro the Insei (Merfolk Transmuter)            Turns: 1606, Time: 00:03:06

Health: -2/26      AC:  2    Str: 10    XL:     3   Next: 35%
Magic:  5/6        EV: 13    Int: 12    God:
Gold:   42         SH:  0    Dex: 16    Spells: 3/6 levels left

rFire   . .          .
                       - Unarmed
rCold   . . .        (no shield)
rNeg    . . .        a - +0 robe
rPois   .            (helmet currently unavailable)
rElec   .            (no cloak)
rCorr   .            (no gloves)
SInv    .            (boots currently unavailable)
Will    +....        g - amulet of regeneration
Stlth   +            o - ring of willpower
HPRegen 1.04/turn    (no ring)
MPRegen 0.10/turn

%: no passive effects
@: appendages
A: horns 2, (nimble swimmer 2), mertail
a: End Transformation


You were on level 3 of the Dungeon.
You had temporarily grown beastly horns.
You visited 1 branch of the dungeon, and saw 3 of its levels.

You collected 42 gold pieces.

Inventory:

Armour
 a - a +0 robe (worn)
 r - the +1 ring mail "Jyatt" {Will+}
   (You found it on level 2 of the Dungeon)

   Will:      It increases your willpower.
Jewellery
 g - an amulet of regeneration (around neck)
 o - a ring of willpower (left hand)
Scrolls
 c - 4 scrolls of identify {unknown}
 f - a scroll of poison {unknown}
 h - a scroll of fear {unknown}
 j - 3 scrolls of teleportation {unknown}
 k - a scroll of brand weapon {unknown}
 m - 2 scrolls of vulnerability {unknown}
 p - a scroll of fog {unknown}
 q - a scroll of noise {unknown}
 s - 3 scrolls of blinking {unknown}
 t - a scroll of summoning {unknown}
Potions
 b - a potion of lignification
 d - 2 potions of resistance {unknown}
 e - 3 potions of curing {unknown}
 i - 2 potions of degeneration {unknown}
 l - a potion of brilliance {unknown}
 n - 2 potions of might {unknown}
 u - a potion of magic {unknown}


   Skills:
 - Level 1.1 Fighting
 - Level 2.6 Dodging
 * Level 4.3 Unarmed Combat
 - Level 2.0 Spellcasting
 + Level 3.5 Transmutations


You had 3 spell levels left.
You knew the following spells:

 Your Spells              Type           Power      Damage    Failure   Level
a - Beastly Appendage     Tmut           18%        N/A       6%          1
b - Wereblood             Tmut           9%         N/A       10%         2

Your spell library contained the following spells:

 Spells                   Type           Power      Damage    Failure   Level
 Slow                     Hex            4%         N/A       26%         1
 Spider Form              Tmut/Pois      5%         N/A       36%         3
 Confusing Touch          Hex            1%         N/A       63%         3
 Vampiric Draining        Necr           1%         2d6       63%         3
 Ice Form                 Ice/Tmut       5%         N/A       78%         4
 Iskenderun's Battlesphe  Conj           1%         2d6       100%        5
 Iron Shot                Conj/Erth      0%         9d1       100%        6
 Spellforged Servitor     Conj/Summ      0%         N/A       100%        7


Dungeon Overview and Level Annotations

Branches:
Dungeon (3/15)

Altars:

Annotations:
D:3 1 transporter, Liamsmithers's ghost, amateur DgFi


Innate Abilities, Weirdness & Mutations

You have temporarily grown beastly horns.
((You are very nimble when in or above water. (Stealth+, EV+, Speed+++)))
Your lower body shifts to a powerful aquatic tail in water.


Message History

You hit the worm.
You kill the worm!
You see here a worm corpse.
Found a scroll labelled XATHRI YDAHEAN.
Found a transporter.
Your transformation is almost over.
Liamsmithers's ghost turns its malevolent gaze towards you.
The quasit gives a chilling moan.
j - 3 scrolls labelled XATHRI YDAHEAN (gained 1)
A centaur and a ball python come into view.
Your horns disappear.
There are monsters nearby!
The centaur shouts!
The ball python hisses angrily.
The centaur wields a +0 shortbow.
The centaur shoots an arrow.
The arrow barely misses you.
The centaur shoots an arrow.
The arrow hits you!
Ouch! That really hurt!
* * * LOW HITPOINT WARNING * * *
The centaur unwields a +0 shortbow.
The centaur barely misses you. The centaur kicks you.
* * * LOW HITPOINT WARNING * * *
You hit the centaur.
The centaur is lightly wounded.
The centaur hits you.
* * * LOW HITPOINT WARNING * * *
The centaur barely misses you. The centaur closely misses you.
The centaur completely misses you.
Unknown command.
Casting: Beastly Appendage (safe; 6% risk of failure)
Press: ? - help, Q - select action, (/) - cycle Dir - look around, f - activate You grow a pair of large bovine horns.
The centaur misses you. The centaur closely misses you.
Unknown command.
You hit the centaur but do no damage.
The centaur is lightly wounded.
The centaur hits you.
* * * LOW HITPOINT WARNING * * *
The centaur kicks you but does no damage.
The ball python closely misses you. The ball python barely misses you.
The centaur hits you.
You die...

#. #.##.# . #.##.#
#. #.##.# # ..
#.##....# .#
...#$#..##.##.###.
#©.=!#©...........
.#.W#.......S....
.....##.##S##.....
.#.# #.##@.......
# #.##c##.###.#
##.##.. # #.#
###..##### #.#
#....# #.#
......#.# #>#
#####.#†# #.#
..#.#########.# ##
#......†...<#


You could see a centaur and a ball python.

Vanquished Creatures
  A worm (D:3)
  2 dart slugs
  3 bats
  3 endoplasms
  3 giant cockroaches
  2 hobgoblins (D:2)
  4 jackals (D:1)
  A ball python (D:2)
  2 frilled lizards
  A goblin (D:2)
  2 kobolds
  A rat (D:2)
25 creatures vanquished.

Notes
Turn   | Place    | Note
-------+----------+-------------------------------------------
     0 | D:1      | cdecastro the Merfolk Transmuter began the quest for the
                  | Orb.
     0 | D:1      | Reached XP level 1. HP: 15/15 MP: 3/3
   231 | D:1      | Found a faded altar of an unknown god.
   762 | D:1      | Reached XP level 2. HP: 21/21 MP: 3/5
  1048 | D:2      | Reached skill level 4 in Unarmed Combat
  1221 | D:2      | Reached XP level 3. HP: 26/26 MP: 4/6
  1316 | D:2      | Identified the +1 ring mail "Jyatt" {Will+}
  1321 | D:2      | Learned a level 2 spell: Wereblood
  1588 | D:3      | Found a transporter.
  1596 | D:3      | Noticed Liamsmithers's ghost (amateur DgFi)
  1600 | D:3      | Noticed a centaur
  1606 | D:3      | Slain by a centaur

Illustrated notes

Levels and vault maps discovered:
D:1:      lemuel_arrival_funnel, layout_loops_corners, basic_ecumenical_altar
D:2:      layout_rooms
D:3:      layout_loops_ring, nicolae_overflow_ecumenical_swirl,
          gammafunk_ghost_stat_death, uniq_grinder

Skill      XL: |  1  2 |
---------------+-------+-----
Transmutations | 3 |  3.5
Unarmed Combat | 4 |  4.3
Fighting       | |  1.1
Dodging        | |  2.6
Spellcasting   | |  2.0

Action                     || total
---------------------------++-------
  Melee: Unarmed           ||    93
         Headbutt          ||     7
         Punch             ||     2
   Cast: Beastly Appendage ||    17
 Armour: Robe              ||    23
  Dodge: Dodged            ||    69
